 Dungeon Crawl Stone Soup version 0.30-a0-272-gf98c3da03f (webtiles) character file.

Game seed: 7046951178960706042

1547 qw the Chopper (level 8, -1/49 HPs)
             Began as a Gargoyle Fighter on Oct 15, 2022.
             Was an Initiate of Okawaru.
             Slain by a hornet (11 damage)
             ... on level 7 of the Dungeon.
             The game lasted 00:02:07 (5522 turns).

qw the Chopper (Gargoyle Fighter)                   Turns: 5522, Time: 00:02:07

Health: -1/49      AC: 21    Str: 23    XL:     8   Next: 87%
Magic:  8/8        EV: 13    Int:  8    God:    Okawaru [......]
Gold:   248        SH: 14    Dex:  9    Spells: 7/7 levels left

rFire   . . .      SeeInvis .    Y - +0 war axe (protect)
rCold   . . .      Faith    .    l - +0 kite shield
rNeg    + . .      Spirit   .    b - +0 scale mail
rPois   inf        Reflect  +    (no helmet)
rElec   +          Harm     .    m - +0 cloak
rCorr   .          Rampage  .    (no gloves)
Will    .....                    (no boots)
Stlth   ..........               n - amulet of reflection
HPRegen 0.28/turn                s - +4 ring of evasion
MPRegen 0.11/turn                (no ring)

@: about to teleport, weakened, under a protective aura
A: sickness immunity, AC +5, negative energy resistance 1, electricity
resistance, torment resistance 1, petrification resistance, shaggy fur 1
a: Renounce Religion


You were on level 7 of the Dungeon.
You worshipped Okawaru.
Okawaru was noncommittal.
You visited 2 branches of the dungeon, and saw 8 of its levels.

You collected 286 gold pieces.
You spent 38 gold pieces at shops.


Innate Abilities, Weirdness & Mutations

You are immune to sickness and miasma.
Your stone body is resilient. (AC +5)
You are immune to poison.
You resist negative energy. (rN+)
You are resistant to electric shocks. (rElec)
You are resistant to unholy torment.
You are immune to petrification.
You are covered in fur. (AC +1)


   Skills:
 - Level 5.0 Fighting
 - Level 7.7 Axes
 - Level 3.2 Armour
 - Level 2.4 Dodging
 + Level 6.4 Shields


You had 7 spell levels left.
You didn't know any spells.
Your spell library was empty.

Inventory:

Hand Weapons
 c - a +0 flail
 Y - a +0 war axe of protection (weapon)
Missiles
 a - 7 boomerangs (quivered)
Armour
 b - a +0 scale mail (worn)
 l - a +0 kite shield (worn)
 m - a +0 cloak (worn)
Jewellery
 n - an amulet of reflection (around neck)
 s - a +4 ring of evasion (left hand)
Scrolls
 f - a scroll of teleportation
 k - a scroll of identify
Potions
 d - 3 potions of might
 e - 4 potions of curing
 g - a potion of mutation
 h - 2 potions of haste
 j - a potion of flight {unknown}
 o - a potion of magic {unknown}
 p - a potion of attraction {unknown}
 q - a potion of lignification
 t - a potion of brilliance {unknown}

Dungeon Overview and Level Annotations

Branches:
Dungeon (7/15)             Temple (1/1) D:6

Altars:
Ashenzari
Cheibriados
Elyvilon
Kikubaaqudgha
Makhleb
Okawaru
Qazlal
Ru
Trog
Uskayaw
Wu Jian
Xom
Yredelemnul
The Shining One

Shops:
D:1 *   D:3 :


Message History

You hit the ice beast but do no damage. You hit the hornet but do no damage.
The sentinel's mark upon you fades away.
You block the hornet's attack.
The hornet stings you but does no damage.
The gnoll bouda gazes fiercely through you!
You feel as though you will be weak longer.
The gnoll bouda misses you. You block the ice beast's attack.
The gnoll hits you but does no damage.
You barely miss the gnoll bouda.
The gnoll bouda is almost dead.
You closely miss the hornet. You barely miss the ice beast.
You block the hornet's attack. The gnoll bouda barely misses you.
The gnoll closely misses you.
The ice beast hits you but does no damage.
The hornet stings you!
You closely miss the gnoll bouda.
The gnoll bouda is almost dead.
You barely miss the ice beast. You barely miss the hornet.
The hornet closely misses you. You block the gnoll bouda's attack.
The ice beast misses you. You block the gnoll's attack.
The hornet closely misses you.
The gnoll hits you from afar with a +0 halberd!
The ice beast misses you.
The gnoll bouda prays to its god.
The gnoll bouda is healed somewhat.
You barely miss the gnoll bouda.
The gnoll bouda is severely wounded.
You hit the ice beast. You barely miss the hornet.
You block the hornet's attack.
The howler monkey hoots and howls with incredible vigour!
The gnoll bouda hits you but does no damage.
The ice beast hits you but does no damage.
The hornet misses you.
The orc priest invokes the aid of Beogh against you.
Beogh smites you! You block the gnoll's attack.
5522 ||| READING 2 scrolls of teleportation.
As you read the scroll of teleportation, it crumbles to dust.
You feel strangely unstable.
The gnoll is no longer moving quickly. x2; The hornet stings you!
You die...

#.##.#.# ...
....#.#####.##
#..#........+
#..#.....#.#
#......<...#
#####..oo###.###
#.....oho..#.#
#.#####y##.#.#
#...Y@# +#.#
....####ggg..#
.. gg...# g....#
.....# .....#
.....# .....#


You could see a hornet, an ice beast, a gnoll bouda, a howler monkey, an orc
priest, 5 gnolls and 3 orcs.

Vanquished Creatures
  A komodo dragon (D:6)
  Eustachio (D:4)
  Menkaure (D:4)
  A steam dragon (D:5)
  A water moccasin (D:3)
  An ice beast (D:5)
  A centaur (D:4)
  4 scorpions
  2 howler monkeys
  2 hounds (D:5)
  A jelly (D:5)
  9 adders
  A shadow imp (D:5)
  An ufetubus (D:5)
  3 worms
  4 dart slugs
  14 orcs
  9 ball pythons
  8 endoplasms
  4 giant cockroaches (D:1)
  8 goblins
  7 hobgoblins
  4 jackals (D:4)
  4 quokkas
  9 bats
  2 frilled lizards (D:1)
  4 rats
107 creatures vanquished.

Notes
Turn   | Place    | Note
-------+----------+-------------------------------------------
     0 | D:1      | qw the Gargoyle Fighter began the quest for the Orb.
     0 | D:1      | Reached XP level 1. HP: 14/14 MP: 1/1
     0 | D:1      | 0 ||| qw: Version: 0.2-a-19-gadd0ef8
     0 | D:1      | 0 ||| qw: Game counter: 12
     0 | D:1      | 0 ||| qw: Always use a shield: true
     0 | D:1      | 0 ||| qw: God list: Okawaru
     0 | D:1      | 0 ||| qw: Allow faded altars: false
     0 | D:1      | 0 ||| qw: Do Orc after D:15 true
     0 | D:1      | 0 ||| qw: Do second Lair branch before Depths: true
     0 | D:1      | 0 ||| qw: Lair rune preference: random
     0 | D:1      | 0 ||| qw: Plans: Normal, Zot:1-4, God:TSO, Crypt, Tomb,
                  | Pan, Slime:5, Hells, Abyss, Orb
     0 | D:1      | 0 ||| PLANNING D:1-11
    85 | D:1      | Reached skill level 2 in Axes
   167 | D:1      | Reached XP level 2. HP: 16/19 MP: 2/2
   232 | D:1      | Found a faded altar of an unknown god.
   502 | D:1      | 502 ||| Stepping ~*~*~tactically~*~*~ (stealth).
   532 | D:1      | 532 ||| Stepping ~*~*~tactically~*~*~ (stealth).
   546 | D:1      | 546 ||| Stepping ~*~*~tactically~*~*~ (stealth).
   553 | D:1      | Reached skill level 3 in Axes
   569 | D:1      | Reached XP level 3. HP: 23/23 MP: 3/3
   574 | D:1      | 574 ||| Stepping ~*~*~tactically~*~*~ (stealth).
   575 | D:1      | 575 ||| DROPPING +0 club.
   679 | D:1      | Found Uphau's Assorted Antiques.
   723 | D:1      | 723 ||| SHOPLISTING amulet of the Four Winds {rN+ Will+++
                  | Clar} (1335 gold, have 40).
   723 | D:1      | 723 ||| BUYING black potion (19 gold).
   723 | D:1      | Bought a black potion for 19 gold pieces
   723 | D:1      | 723 ||| BUYING black potion (19 gold).
   723 | D:1      | Bought a black potion for 19 gold pieces
   723 | D:1      | 723 ||| SHOPLISTING bubbling clear potion (19 gold, have
                  | 2).
   723 | D:1      | 723 ||| SHOPLISTING lumpy purple potion (19 gold, have 2).
   723 | D:1      | 723 ||| SHOPLISTING scroll labelled DIG DAIPSEJ (22 gold,
                  | have 2).
   723 | D:1      | 723 ||| SHOPLISTING scroll labelled DIVUABANEA (22 gold,
                  | have 2).
   723 | D:1      | 723 ||| SHOPLISTING scroll labelled RYAMAU CARYFRU (22
                  | gold, have 2).
  1033 | D:1      | 1033 ||| DROPPING amulet of faith.
  1034 | D:1      | 1034 ||| READING scroll labelled UDIZ GUTHREU.
  1035 | D:1      | 1035 ||| READING 2 scrolls labelled DIVUABANEA.
  1036 | D:1      | 1036 ||| DRINKING 2 black potions.
  1037 | D:1      | 1037 ||| DROPPING potion of invisibility.
  1186 | D:2      | 1186 ||| Stepping ~*~*~tactically~*~*~ (stealth).
  1200 | D:2      | Reached XP level 4. HP: 26/28 MP: 4/4
  1227 | D:2      | 1227 ||| Stepping ~*~*~tactically~*~*~ (stealth).
  1228 | D:2      | 1228 ||| Stepping ~*~*~tactically~*~*~ (stealth).
  1229 | D:2      | 1229 ||| Stepping ~*~*~tactically~*~*~ (stealth).
  1238 | D:2      | 1238 ||| Stepping ~*~*~tactically~*~*~ (hiding).
  1247 | D:2      | 1247 ||| Stepping ~*~*~tactically~*~*~ (water).
  1300 | D:2      | Reached skill level 4 in Axes
  1645 | D:2      | 1645 ||| UPGRADING to +0 cloak.
  1650 | D:2      | 1650 ||| UPGRADING to amulet of reflection.
  1655 | D:2      | 1655 ||| READING scroll labelled DURROITZOWNU.
  1656 | D:2      | 1656 ||| READING scroll labelled CAINKOCEIV.
  1657 | D:2      | 1657 ||| READING scroll labelled QACRACK HEREI.
  1658 | D:2      | 1658 ||| READING 2 scrolls of identify.
  1658 | D:2      | 1658 ||| IDENTIFYING fizzy green potion
  1909 | D:3      | You fall into a shaft and drop 2 floors!
  1909 | D:5      | Entered Level 5 of the Dungeon
  1914 | D:5      | 1914 ||| Stepping ~*~*~tactically~*~*~ (hiding).
  1933 | D:5      | Reached XP level 5. HP: 29/32 MP: 5/5
  2007 | D:5      | Reached skill level 5 in Axes
  2052 | D:5      | 2052 ||| READING scroll labelled POSEOPH YFIU.
  2053 | D:5      | 2053 ||| READING scroll labelled SEIKODD VAILI.
  2056 | D:5      | 2056 ||| DRINKING 2 lumpy purple potions.
  2083 | D:5      | Reached XP level 6. HP: 34/38 MP: 6/6
  2210 | D:4      | Noticed Eustachio
  2211 | D:4      | 2211 ||| Stepping ~*~*~tactically~*~*~ (hiding).
  2226 | D:4      | 2226 ||| Stepping ~*~*~tactically~*~*~ (hiding).
  2243 | D:4      | 2243 ||| Stepping ~*~*~tactically~*~*~ (hiding).
  2244 | D:4      | 2244 ||| Stepping ~*~*~tactically~*~*~ (hiding).
  2261 | D:4      | HP: 9/38 [shadow imp[Eustachio] (3)]
  2262 | D:4      | 2262 ||| DRINKING potion of heal wounds.
  2271 | D:4      | Killed Eustachio
  2411 | D:4      | 2411 ||| DROPPING +0 mace.
  2450 | D:4      | 2450 ||| Stepping ~*~*~tactically~*~*~ (stealth).
  2451 | D:4      | 2451 ||| Stepping ~*~*~tactically~*~*~ (stealth).
  2472 | D:4      | 2472 ||| UPGRADING to +0 kite shield.
  2483 | D:4      | 2483 ||| DROPPING +0 buckler.
  2484 | D:4      | 2484 ||| DROPPING amulet of regeneration.
  2485 | D:4      | 2485 ||| DRINKING 2 fizzy yellow potions.
  2485 | D:4      | Gained mutation: You are covered in fur. (AC +1) [potion of
                  | mutation]
  2486 | D:4      | 2486 ||| DRINKING 3 bubbling clear potions.
  2514 | D:3      | Found Neuna's Book Shoppe.
  2558 | D:3      | 2558 ||| Stepping ~*~*~tactically~*~*~ (stealth).
  2597 | D:3      | Reached XP level 7. HP: 43/43 MP: 7/7
  3145 | D:3      | 3145 ||| READING 2 scrolls of identify.
  3145 | D:3      | 3145 ||| IDENTIFYING orange potion
  3146 | D:3      | 3146 ||| DROPPING potion of degeneration.
  3178 | D:4      | 3178 ||| STAIRDANCE
  3305 | D:4      | Noticed Menkaure
  3306 | D:4      | 3306 ||| Stepping ~*~*~tactically~*~*~ (hiding).
  3318 | D:4      | Killed Menkaure
  3676 | D:4      | 3676 ||| DRINKING 2 amethyst potions.
  3767 | D:5      | Noticed a steam dragon
  3768 | D:5      | 3768 ||| STAIRDANCE
  3778 | D:4      | Reached skill level 6 in Axes
  3778 | D:4      | Reached XP level 8. HP: 47/48 MP: 8/8
  3787 | D:5      | 3787 ||| STAIRDANCE
  3868 | D:5      | HP: 11/48 [steam dragon] (5)]
  3874 | D:5      | Reached skill level 6 in Shields
  4290 | D:5      | 4290 ||| Stepping ~*~*~tactically~*~*~ (stealth).
  4291 | D:5      | 4291 ||| Stepping ~*~*~tactically~*~*~ (stealth).
  4375 | D:5      | 4375 ||| READING scroll labelled HECHICZEUST.
  4423 | D:6      | Found a staircase to the Ecumenical Temple.
  4424 | D:6      | 4424 ||| PLANNING TEMPLE
  4432 | Temple   | Entered the Ecumenical Temple
  4483 | Temple   | 4483 ||| PLANNING D:1-11
  4516 | D:6      | Found an iron altar of Okawaru.
  4517 | D:6      | 4517 ||| PLANNING OKAWARU WORSHIP
  4522 | D:6      | Became a worshipper of Warmaster Okawaru
  4523 | D:6      | 4523 ||| PLANNING D:1-11
  4567 | D:6      | Found a snail-covered altar of Cheibriados.
  4568 | D:6      | Found a broken altar of Ashenzari.
  4668 | D:6      | Noticed a komodo dragon
  4680 | D:6      | Killed a komodo dragon
  4681 | D:6      | Reached skill level 7 in Axes
  4803 | D:6      | 4803 ||| DROPPING +0 mace of protection.
  4936 | D:6      | Found a stormy altar of Qazlal.
  5345 | D:6      | 5345 ||| UPGRADING to +4 ring of evasion.
  5346 | D:6      | 5346 ||| READING scroll labelled HIUSCH KIUGAH.
  5347 | D:6      | 5347 ||| READING scroll labelled HEAPTA PUPAGIT.
  5348 | D:6      | 5348 ||| DRINKING 2 cyan potions.
  5452 | D:6      | 5452 ||| DROPPING potion of berserk rage.
  5466 | D:7      | 5466 ||| Stepping ~*~*~tactically~*~*~ (stealth).
  5468 | D:7      | 5468 ||| Stepping ~*~*~tactically~*~*~ (stealth).
  5495 | D:7      | Noticed a hornet
  5521 | D:7      | HP: 10/49 [orc priest/divine providence (14)]
  5522 | D:7      | 5522 ||| READING 2 scrolls of teleportation.
  5522 | D:7      | Slain by a hornet

Levels and vault maps discovered:
D:1:      matt_arrival_diagonals, layout_loops_corners,
          shapermc_ecumenical_altar_mp_vishouse, serial_shops,
          nicolae_shop_waterfront, st_stairs_5, dreamdust_princess_bridge,
          minmay_pentomino_r4
D:2:      layout_basic, serial_rivers, chequers_serial_rivers_marsh,
          chequers_serial_rivers_micro_e, chequers_serial_rivers_micro_a,
          chequers_serial_rivers_large_a
D:3:      layout_loops_corners, serial_shops, shop, minmay_misc_feat_columns
D:4:      layout_loops_ring, uniq_menkaure, uniq_eustachio
D:5:      layout_rooms
D:6:      layout_basic, mainiacjoe_overflow_boulevard,
          overflow_temple_1_default, mainiacjoe_overflow_divided_tiny,
          minmay_temple_entry_purple_smoke, kennysheep_flooded_box,
          chequers_garden, sigmund_army
D:7:      layout_basic
Temple:   eino_wide_crystal_templ

Skill      XL: |  1  2  3  4  5  6  7  8 |
---------------+-------------------------+-----
Axes           | 2 3 4 5 6 7 |  7.7
Fighting       | 4 5 |  5.0
Dodging        | 2 |  2.4
Shields        | 5 6 |  6.4
Armour         | |  3.2

Action                   |  1- 3 |  4- 6 |  7- 9 || total
-------------------------+-------+-------+-------++-------
Melee: War axe           |   110 |   165 |   184 ||   459
Throw: Boomerang         |       |    31 |    28 ||    59
  Use: Scroll            |     2 |     6 |     5 ||    13
       Potion            |     1 |     4 |     2 ||     7
 Stab: Distracted        |       |     1 |       ||     1
Armor: Scale mail        |    67 |   111 |    95 ||   273
Dodge: Dodged            |    57 |    84 |    83 ||   224
Block: Buckler           |    23 |    79 |       ||   102
       Kite shield       |       |     7 |   167 ||   174

Table legend:
 A = Non-vault XP
 B = Vault XP
 C = Vault XP percentage of total XP
 D = Non-vault monster count
 E = Vault monster count
 F = Vault count percentage of total count
                 A         B        C        D         E       F
            +---------+---------+-------+---------+---------+-------
      Total |    1819 |     392 |  17.7 |      97 |      10 |   9.3
            +---------+---------+-------+---------+---------+-------
        D:1 |      43 |       9 |  17.3 |      24 |       4 |  14.3
        D:2 |      85 |       0 |   0.0 |      23 |       0 |   0.0
        D:3 |     206 |       0 |   0.0 |      11 |       0 |   0.0
        D:4 |     253 |     371 |  59.5 |      16 |       2 |  11.1
        D:5 |     636 |       0 |   0.0 |      12 |       0 |   0.0
        D:6 |     527 |      12 |   2.2 |       5 |       4 |  44.4
        D:7 |      69 |       0 |   0.0 |       6 |       0 |   0.0
            +---------+---------+-------+---------+---------+-------
